 Dungeon Crawl Stone Soup version 0.15-a0-413-gc6111ba (webtiles) character file.

10375 4tharraofdagon the Martial Artist (level 11, -5/84 HPs)
             Began as a Merfolk Transmuter on May 5, 2014.
             Was a Priest of Cheibriados.
             Slain by a yak (15 damage)
             ... on Level 3 of the Lair of Beasts.
             The game lasted 00:37:26 (4843 turns).

4tharraofdagon the Martial Artist (MfTm)            Turns: 4843, Time: 00:37:26

HP  -5/84        AC  2     Str 17      XL: 11   Next: 55%
MP  25/25        EV 34     Int 22      God: Cheibriados [***...]
Gold 387         SH  0     Dex 33      Spells:  5 memorised,  8 levels left

rFire  . . .     SeeInvis .       - Unarmed
rCold  . . .     Clarity  .     c - melded +0 robe
rNeg   . . .     Conserve .     (shield currently unavailable)
rPois  x         rCorr    .     F - melded +0 hat {Int+3}
rElec  .         rRot     .     N - melded +0 cloak
SustAb . .       Spirit   .     (gloves currently unavailable)
rMut   .         Warding  .     (boots currently unavailable)
Saprov . . .     Stasis   +     T - amulet of stasis
MR     .....                    X - +2 ring of dexterity
                                W - ring of loudness

@: spider-form (expiring), very slow, not resistant to hostile enchantments,
quite stealthy
A: (change form in water), (swift swim), (antennae 0), (molten scales 0), clever
1, weak 1
a: End Transformation, Bend Time, Temporal Distortion, Renounce Religion


You were on level 3 of the Lair of Beasts.
You worshipped Cheibriados.
Cheibriados was most pleased with you.
You were not hungry.
You were in spider-form.
You visited 3 branches of the dungeon, and saw 15 of its levels.
You also visited: Labyrinth and Ossuary.

You collected 387 gold pieces.

Inventory:

Hand weapons
 A - a cursed +0 blowgun
Missiles
 l - 6 exploding darts (quivered)
 B - 3 poisoned needles
 M - 2 throwing nets
Armour
 c - a +0 robe (melded)
 f - a +0 helmet
 g - a cursed +0 cloak
 n - a +0 cloak
 r - a +0 helmet
 u - a cursed +0 leather armour of fire resistance
 F - a +0 hat of intelligence (melded)
 N - a +0 cloak (melded)
Magical devices
 e - a wand of cold (4)
 L - a wand of frost (7)
 P - a wand of draining (5)
 S - a wand of cold (9)
 U - a wand of lightning (4) {unknown}
 V - a wand of confusion (8) {unknown}
Comestibles
 a - 6 bread rations
 w - 2 meat rations
 J - 8 cheeses
 K - 2 beef jerkies
Scrolls
 h - 2 scrolls of amnesia
 q - a scroll of recharging
 t - a scroll of noise
 v - 3 scrolls of remove curse
 z - 3 scrolls of fear {unknown}
 G - 2 scrolls of enchant armour {unknown}
 H - a scroll of fog
 I - 3 scrolls of enchant weapon II
Jewellery
 j - an uncursed ring of magical power
 x - an uncursed ring of poison resistance
 y - the ring of Dishonesty {rPois Str-3 Dex+2}
   (You found it on level 8 of the Dungeon)

   [ring of poison resistance]

   It affects your strength (-3).
   It affects your dexterity (+2).
   It protects you from poison.
 D - an uncursed ring of flight
 T - an amulet of stasis (around neck)
 W - a ring of loudness (left front leg)
 X - a +2 ring of dexterity (right front leg)
Potions
 i - 2 potions of restore abilities
 k - 2 potions of poison
 m - a potion of flight
 o - a potion of confusion
 p - a potion of degeneration
 s - a potion of berserk rage
 C - a potion of lignification
 E - a potion of resistance
 R - a potion of mutation
Books
 d - a book of Changes

   Spells                             Type                      Level
   *Beastly Appendage                 Transmutation                1
   *Sticks to Snakes                  Transmutation                2
   *Spider Form                       Transmutation/Poison         3
   *Ice Form                          Ice/Transmutation            4
   *Blade Hands                       Transmutation                5
 Q - a book of Unlife

   Spells                             Type                      Level
   Recall                             Summoning/Translocation      3
   Animate Dead                       Necromancy                   4
   Control Undead                     Necromancy                   4
   Twisted Resurrection               Necromancy                   5
   Death Channel                      Necromancy                   6
   Simulacrum                         Ice/Necromancy               6
 Y - a book of Wizardry

   Spells                             Type                      Level
   Summon Elemental                   Summoning                    4
   Agony                              Necromancy                   5
   Force Lance                        Conjuration                  5
   Haste                              Charms                       6
   Invisibility                       Hexes                        6
   Spellforged Servitor               Conjuration/Summoning        7
Magical staves
 O - an uncursed staff of power
Rods
 Z - a +1 rod of shadows (13/13)
   (You found it in a labyrinth)


   Skills:
 + Level 7.4 Fighting
 + Level 9.0 Dodging
 + Level 7.1 Stealth
 * Level 10.6 Unarmed Combat
 + Level 6.5 Spellcasting
 + Level 9.1 Transmutations
 + Level 4.6 Invocations


You had 8 spell levels left.
You knew the following spells:

 Your Spells              Type           Power        Failure   Level  Hunger
a - Beastly Appendage     Trmt           #####.       2%          1    None
b - Spider Form           Trmt/Pois      ####......   14%         3    #......
c - Sticks to Snakes      Trmt           #####.....   3%          2    None
d - Blade Hands           Trmt           #####.....   21%         5    #####..
e - Ice Form              Ice/Trmt       ####......   32%         4    ###....


Dungeon Overview and Level Annotations

Branches:
Dungeon (10/15)            Temple (1/1) D:4            Lair (4/8) D:10
    Orc: D:9-12       Swamp: Lair:3-6    Shoals: Lair:3-6     Snake: Lair:3-6
 Spider: Lair:3-6

Altars:
Ashenzari
Cheibriados
Dithmenos
Elyvilon
Kikubaaqudgha
Makhleb
Okawaru
Sif Muna
Trog
Vehumet
Xom
Yredelemnul
Zin

Shops:
D:4 [=   D:7 :}


Innate Abilities, Weirdness & Mutations

((You revert to your normal form in water.))*
((You are very nimble and swift while swimming.))*
((You have a pair of small antennae on your head.))*
((You are partially covered in molten scales (AC +1).))*
Your mind is acute. (Int +2)
You are weak. (Str -2)


Message History

Unknown command.
You bite the yak!
The yak looks even sicker.
The yak is heavily wounded.
The yak misses you.
Unknown command.
You barely miss the yak.
The yak is severely wounded.
The yak closely misses you. The yak completely misses you.
Unknown command.
Unknown command.
Unknown command.
Unknown command.
Unknown command.
Unknown command.
Drink which item? (? for menu, Esc to quit)
Okay, then.
You hit the yak but do no damage.
The yak is severely wounded.
The yak gores you!
You die...

##..................###..
#..........(.........##..
#........................ #
##..................#.....
#..##.....................#.#.
#...............##....P#####
...#...>........## ##.....#
#.##......Y...# #......# ..
#....<.s#### #P.##....# .
#...####Y.# #####...## #.###
#### ##.## # ## ##


You could see 2 yaks.

Vanquished Creatures
  Gastronok (D:10)
  A minotaur (Lab)
  Psyche (D:8)
  3 spiny frogs
  A komodo dragon (D:10)
  Prince Ribbit (D:8)
  3 blink frogs
  2 two-headed ogres
  A wyvern (D:8)
  17 yaks
  2 hippogriffs
  A human (D:7)
  Edmund (D:5)
  3 porcupines
  A water moccasin (D:8)
  A black bear (D:9)
  An ice beast (D:9)
  2 ogres
  A centaur (D:4)
  2 crocodiles
  2 giant slugs
  A gnoll sergeant (D:9)
  3 giant frogs
  A scorpion (D:8)
  A crimson imp (D:8)
  3 goliath beetles
  8 hounds
  3 gnoll shamans
  3 iguanas
  2 worker ants
  4 sheep (D:7)
  Ijyb (D:7)
  A big kobold zombie (Ossuary)
  A sky beast zombie (D:8)
  A hound zombie (Ossuary)
  4 mummies (Ossuary)
  A hound skeleton (D:4)
  6 green rats (Lair:3)
  12 gnolls
  3 giant mites
  8 adders
  A shadow imp (D:7)
  An inept feature mimic (D:7)
  An inept item mimic (D:2)
  3 worms
  2 adder zombies (Ossuary)
  2 oozes
  4 orcs (D:3)
  12 bats
  2 giant cockroaches
  2 gnoll zombies (Ossuary)
  2 hobgoblins
  A jackal (D:9)
  4 quokkas
  3 ball pythons
  4 giant geckos
  4 giant newts
  A giant spore (D:6)
  10 goblins
  A hobgoblin zombie (Ossuary)
  2 jackal zombies (Ossuary)
  8 kobolds
  2 orc skeletons
  2 orc zombies (Ossuary)
  3 rats
  A rat zombie (Ossuary)
193 creatures vanquished.

Vanquished Creatures (collateral kills)
  A rat (D:5)
1 creature vanquished.

Vanquished Creatures (others)
  A plant (D:10)
1 creature vanquished.

Grand Total: 195 creatures vanquished

Notes
Turn   | Place    | Note
--------------------------------------------------------------
     0 | D:1      | 4tharraofdagon, the Merfolk Transmuter, began the quest for the Orb.
     0 | D:1      | Reached XP level 1. HP: 15/15 MP: 3/3
    96 | D:2      | Reached XP level 2. HP: 20/22 MP: 2/4
   175 | D:4      | Found a staircase to the Ecumenical Temple.
   183 | D:3      | Found a burning altar of Makhleb.
   262 | D:2      | Reached XP level 3. HP: 9/27 MP: 6/6
   337 | D:3      | Learned a level 3 spell: Spider Form
   397 | D:3      | HP: 1/27 [worm (9)]
   573 | D:3      | Learned a level 2 spell: Sticks to Snakes
   643 | D:3      | Reached XP level 4. HP: 2/33 MP: 7/7
   644 | D:3      | Reached skill level 4 in Unarmed Combat
   858 | D:4      | Found a radiant altar of Vehumet.
   910 | Temple   | Entered the Ecumenical Temple
   967 | D:4      | Reached XP level 5. HP: 37/39 MP: 9/9
  1107 | D:4      | Found Psec Alu's Antique Armour Emporium.
  1139 | D:4      | Noticed a centaur
  1150 | D:4      | Killed a centaur
  1150 | D:4      | Reached skill level 5 in Unarmed Combat
  1150 | D:4      | Reached XP level 6. HP: 36/46 MP: 11/11
  1165 | D:5      | Entered Level 5 of the Dungeon
  1172 | D:5      | Noticed Edmund
  1187 | D:5      | Killed Edmund
  1192 | D:4      | Found Kimnim's Jewellery Boutique.
  1206 | D:4      | Reached XP level 7. HP: 29/52 MP: 12/14
  1507 | D:7      | Reached skill level 6 in Unarmed Combat
  1507 | D:7      | Reached skill level 5 in Transmutations
  1697 | D:8      | Found a shimmering altar of Xom.
  1726 | D:8      | Found a glowing silver altar of Zin.
  1762 | D:8      | Got a shimmering pewter ring
  1799 | D:7      | Identified the ring of Dishonesty {rPois Str-3 Dex+2} (You found it on level 8 of the Dungeon)
  1854 | D:7      | Found Stroenk's Gadget Shoppe.
  1861 | D:7      | Noticed Ijyb
  1871 | D:7      | Killed Ijyb
  1940 | D:7      | Found Umiasch's Book Boutique.
  1951 | D:7      | You fall through a shaft for 2 floors!
  1952 | D:9      | :D
  2062 | D:9      | Learned a level 5 spell: Blade Hands
  2093 | D:9      | Reached skill level 1 in Stealth
  2096 | D:9      | Reached skill level 5 in Dodging
  2096 | D:9      | Reached XP level 8. HP: 47/60 MP: 17/17
  2145 | D:9      | Found a snail-covered altar of Cheibriados.
  2169 | D:9      | Became a worshipper of Cheibriados the Contemplative
  2261 | D:8      | Noticed a wyvern
  2289 | D:8      | Noticed a two-headed ogre
  2293 | D:8      | Killed a wyvern
  2293 | D:8      | Reached skill level 7 in Unarmed Combat
  2300 | D:8      | Killed a two-headed ogre
  2320 | D:8      | Found a sand-covered staircase.
  2325 | Ossuary  | Entered an ossuary
  2615 | D:8      | Reached XP level 9. HP: 47/67 MP: 20/20
  2621 | D:8      | Noticed Psyche
  2635 | D:8      | Killed Psyche
  2635 | D:8      | Reached skill level 5 in Fighting
  2635 | D:8      | Reached skill level 8 in Unarmed Combat
  2692 | D:8      | Learned a level 4 spell: Ice Form
  2742 | D:9      | Noticed a hungry ghost
  2769 | D:8      | Noticed Prince Ribbit
  2787 | D:8      | Killed Prince Ribbit
  2979 | D:7      | Noticed a human
  2984 | D:7      | Killed a human
  3145 | D:7      | Found Croskacs' Magic Scroll Shoppe.
  3146 | D:7      | Croskacs' Magic Scroll Shoppe was a mimic.
  3274 | D:9      | Reached skill level 1 in Invocations
  3276 | D:9      | Gained mutation: You are weak. (Str -2) [potion of mutation]
  3276 | D:9      | Gained mutation: You are partially covered in molten scales (AC +1). [potion of mutation]
  3276 | D:9      | Gained mutation: You have a pair of small antennae on your head. [potion of mutation]
  3295 | D:9      | Gained mutation: Your mind is acute. (Int +2) [potion of beneficial mutation]
  3320 | D:9      | Found a shadowy altar of Dithmenos.
  3462 | D:9      | Noticed a two-headed ogre
  3470 | D:9      | Killed a two-headed ogre
  3524 | D:10     | Entered Level 10 of the Dungeon
  3532 | D:10     | Reached skill level 5 in Stealth
  3532 | D:10     | Reached skill level 5 in Spellcasting
  3532 | D:10     | Reached XP level 10. HP: 68/76 MP: 22/22
  3570 | D:10     | Noticed Gastronok
  3581 | D:10     | Killed Gastronok
  3581 | D:10     | Reached skill level 9 in Unarmed Combat
  3608 | D:10     | Found a staircase to the Lair.
  3609 | D:10     | Noticed a komodo dragon
  3621 | D:10     | Killed a komodo dragon
  3626 | Lair:1   | Entered Level 1 of the Lair of Beasts
  3789 | Lair:1   | Reached skill level 10 in Unarmed Combat
  3789 | Lair:1   | Reached XP level 11. HP: 59/83 MP: 24/24
  4237 | Lair:3   | Acquired Cheibriados' first power
  4319 | Lair:4   | Noticed a death yak
  4319 | Lair:4   | Noticed a death yak
  4320 | Lair:4   | Noticed a death yak
  4321 | Lair:4   | Noticed a death yak
  4324 | Lair:4   | Noticed a death yak
  4384 | Lair:4   | Found a labyrinth entrance.
  4393 | Lab      | Entered a labyrinth
  4663 | Lab      | Noticed a minotaur
  4678 | Lab      | Killed a minotaur
  4843 | Lair:3   | Slain by a yak

Action                   |  1- 3 |  4- 6 |  7- 9 | 10-12 || total
-------------------------+-------+-------+-------+-------++-------
Melee: Unarmed           |    97 |    70 |   352 |   184 ||   703
Throw: Dart              |       |       |     4 |       ||     4
 Cast: Beastly Appendage |    12 |     4 |       |       ||    16
       Spider Form       |     5 |     9 |    40 |    12 ||    66
       Sticks to Snakes  |       |       |    10 |       ||    10
       Blade Hands       |       |       |     4 |     4 ||     8
       Ice Form          |       |       |       |     2 ||     2
Evoke: Wand              |       |       |       |     2 ||     2
  Use: Scroll            |     7 |       |    13 |     7 ||    27
       Potion            |     2 |       |     5 |     8 ||    15
 Stab: Sleeping          |       |       |     6 |     6 ||    12
       Distracted        |       |       |     1 |       ||     1

Vault maps used:
D:1:      dpeg_arrival_windows_large_door, minmay_misc_feat_rugged, st_stairs_3,
          ashenzari_altar_1
D:3:      bloody_makhleb, first_bread, roderic_lattice_a
D:4:      nemelex_xobeh_ov_fountains_minmay, kennysheep_mini,
          minmay_temple_entry_statues, serial_shops, shop, shop, st_stairs_12,
          feat_on_display
D:5:      lemuel_coloured_pillars_altar, minmay_misc_feat_square,
          dk_rats_in_the_wall, uniq_blork_the_orc, uniq_eustachio, uniq_edmund
D:6:      overflow_temple_1_default, sigmund_army
D:7:      erik_ogre, serial_shops, shop, nicolae_shop_behind_doors, shop,
          grunt_livestock, uniq_iyjb
D:8:      xom_teletrap_fun, overflow_temple_1_default, enter_ossuary_5,
          serial_bayou_pond_d, minmay_misc_feat_enclosed, uniq_prince_ribbit1,
          uniq_psyche
D:9:      beetle_altar_1, grunt_dithmenos_smoke, serial_gnoll_camp,
          gnoll_camp_mini_house, gnoll_camp_mini_basic, gnoll_camp_mini_hut,
          gnoll_camp_mini_hut, gnoll_camp_mini_loothouse, grunt_ministairs_3,
          kennysheep_cross_room
D:10:     minmay_klotski, orc_0_dummy, david_lair_shrubbed, uniq_gastronok
Temple:   temple_island_7
Lair:3:   dummy_spider_entry
Lair:4:   lab_entry_generic
Lab:      labyrinth_mini_lab, lab_block, nicolae_lab_t_cross,
          nicolae_lab_blocks, nicolae_lab_garden, nicolae_lab_big_swirl,
          labyrinth_skeletal_remains
Ossuary:  ossuary_minmay_tomb_2a
